[ AOE2 MATCH · #506759742 ]
UnrankedHuns vs Vikings
Player's team · WIN
Rival team · LOSS
[ REPLAY ANALYSIS · EXTRACTED FROM THE RECORDED GAME ]
Feudal
8:51
Castle
24:42
Imperial
51:17
| APM avg | 67.5 |
| APM peak | 123 |
| eAPM avg | 28.1 |
| Villagers / military | 204 / 479 |
Focus
⚔️ 59.0% · 🌾 41.0%
Scout Cavalry ×266 · Cavalry Archer ×94 · Skirmisher ×55 · Knight ×25 · Archer ×20 · Trebuchet (Packed) ×8
Feudal
10:56
Castle
25:03
Imperial
47:48
| APM avg | 64.3 |
| APM peak | 95 |
| eAPM avg | 38.0 |
| Villagers / military | 291 / 407 |
Focus
⚔️ 38.3% · 🌾 61.7%
Archer ×123 · Skirmisher ×103 · Spearman ×98 · Scout Cavalry ×52 · Battering Ram ×10 · Militia ×6
Match map
Initial resources + every placement click. Lines = walls · curves = elevation contours. ◆ gold · ⬟ stone · ● berries · ✦ relic · ◌ wall gap
Your base· Open — unwalled flank
[CL]LaCumbiaSuave's base· ✓ Closed at 25:03 · 36t walls · 1 gate(s)
Smoothed initial terrain · ◌ = detected wall gap · hover for details
Inputs per minute
— lesuanhuy - - [CL]LaCumbiaSuave
Build order — lesuanhuy
First 150 of 567 actions detected
| 0:01 | Queue | Villager (Male) |
| 0:15 | Queue | Villager (Male) |
| 0:20 | Queue | Villager (Male) |
| 0:25 | Queue | Villager (Male) |
| 1:25 | Queue | Villager (Male) |
| 2:03 | Queue | Villager (Male) |
| 2:25 | Build | Lumber Camp |
| 2:30 | Queue | Villager (Male) |
| 2:56 | Queue | Villager (Male) |
| 2:58 | Queue | Villager (Male) |
| 2:58 | Queue | Villager (Male) |
| 2:58 | Queue | Villager (Male) |
| 3:43 | Queue | Villager (Male) |
| 3:48 | Queue | Villager (Male) |
| 4:24 | Queue | Villager (Male) |
| 4:55 | Queue | Villager (Male) |
| 5:00 | Build | Mill |
| 5:05 | Queue | Villager (Male) |
| 5:29 | Queue | Villager (Male) |
| 5:29 | Queue | Villager (Male) |
| 5:34 | Queue | Villager (Male) |
| 5:42 | Queue | Villager (Male) |
| 5:49 | Build | Mill |
| 6:09 | Queue | Villager (Male) |
| 6:15 | Research | Loom |
| 6:41 | Research | Feudal Age |
| 6:41 | Research | Feudal Age |
| 7:29 | Build | Palisade Wall |
| 7:33 | Build | Palisade Wall |
| 7:35 | Build | Palisade Wall |
| 7:47 | Build | Palisade Wall |
| 7:48 | Build | Palisade Wall |
| 7:49 | Build | Palisade Wall |
| 8:05 | Queue | Villager (Male) |
| 8:13 | Build | Barracks |
| 8:41 | Queue | Villager (Male) |
| 8:44 | Queue | Villager (Male) |
| 8:51 | Age | Feudal Age |
| 8:52 | Queue | Villager (Male) |
| 9:07 | Build | Stable |
| 9:11 | Queue | Villager (Male) |
| 9:25 | Build | Palisade Wall |
| 9:27 | Build | Palisade Wall |
| 9:28 | Build | Palisade Wall |
| 9:29 | Build | Palisade Wall |
| 9:41 | Research | Double-Bit Axe |
| 9:43 | Queue | Scout Cavalry |
| 9:56 | Queue | Villager (Male) |
| 10:05 | Queue | Villager (Male) |
| 10:06 | Queue | Scout Cavalry |
| 10:17 | Queue | Villager (Male) |
| 10:21 | Build | Lumber Camp |
| 10:34 | Queue | Scout Cavalry |
| 10:39 | Queue | Scout Cavalry |
| 10:40 | Queue | Scout Cavalry |
| 11:13 | Queue | Villager (Male) |
| 11:21 | Build | Archery Range |
| 11:29 | Queue | Villager (Male) |
| 11:34 | Queue | Villager (Male) |
| 11:43 | Research | Horse Collar |
| 11:46 | Queue | Villager (Male) |
| 11:48 | Queue | Villager (Male) |
| 11:56 | Queue | Villager (Male) |
| 12:05 | Queue | Scout Cavalry |
| 12:13 | Queue | Villager (Male) |
| 12:17 | Queue | Archer |
| 12:19 | Build | Mining Camp |
| 12:44 | Queue | Villager (Male) |
| 12:47 | Build | Farm |
| 12:48 | Build | Farm |
| 12:49 | Build | Farm |
| 13:02 | Queue | Villager (Male) |
| 13:08 | Build | Farm |
| 13:09 | Build | Farm |
| 13:22 | Build | Farm |
| 13:33 | Queue | Villager (Male) |
| 13:33 | Queue | Villager (Male) |
| 13:46 | Build | Palisade Wall |
| 13:51 | Build | Palisade Wall |
| 13:53 | Queue | Skirmisher |
| 13:55 | Queue | Archer |
| 13:58 | Queue | Villager (Male) |
| 14:09 | Build | Watch Tower |
| 14:13 | Build | Palisade Wall |
| 14:19 | Build | Palisade Wall |
| 14:20 | Queue | Villager (Male) |
| 14:22 | Queue | Archer |
| 14:30 | Queue | Villager (Male) |
| 14:33 | Build | Blacksmith |
| 14:35 | Build | Palisade Wall |
| 14:39 | Queue | Archer |
| 14:52 | Queue | Villager (Male) |
| 14:56 | Build | Farm |
| 15:00 | Queue | Archer |
| 15:07 | Queue | Villager (Male) |
| 15:07 | Queue | Villager (Male) |
| 15:17 | Queue | Archer |
| 15:26 | Build | Farm |
| 15:31 | Research | Fletching |
| 15:32 | Queue | Archer |
| 15:43 | Queue | Villager (Male) |
| 15:45 | Build | Farm |
| 15:57 | Build | Farm |
| 16:03 | Queue | Archer |
| 16:06 | Queue | Villager (Male) |
| 16:13 | Queue | Archer |
| 16:22 | Queue | Villager (Male) |
| 16:32 | Queue | Villager (Male) |
| 16:33 | Build | Farm |
| 16:54 | Queue | Archer |
| 16:59 | Queue | Archer |
| 17:00 | Queue | Villager (Male) |
| 17:03 | Build | Farm |
| 17:08 | Build | Farm |
| 17:11 | Queue | Archer |
| 17:14 | Queue | Villager (Male) |
| 17:21 | Build | Farm |
| 17:26 | Build | Farm |
| 17:31 | Research | Padded Archer Armor |
| 17:33 | Queue | Villager (Male) |
| 17:39 | Build | Farm |
| 17:46 | Queue | Archer |
| 17:50 | Queue | Villager (Male) |
| 17:52 | Build | Archery Range |
| 17:53 | Queue | Villager (Male) |
| 17:59 | Build | Farm |
| 18:01 | Queue | Skirmisher |
| 18:09 | Queue | Archer |
| 18:10 | Queue | Archer |
| 18:17 | Queue | Villager (Male) |
| 18:22 | Queue | Villager (Male) |
| 18:24 | Build | Farm |
| 19:22 | Queue | Skirmisher |
| 19:23 | Queue | Skirmisher |
| 19:25 | Queue | Villager (Male) |
| 19:37 | Build | Farm |
| 19:38 | Build | Farm |
| 19:39 | Build | Mill |
| 19:58 | Queue | Skirmisher |
| 19:58 | Queue | Skirmisher |
| 20:41 | Queue | Skirmisher |
| 20:42 | Queue | Skirmisher |
| 21:07 | Build | Farm |
| 21:08 | Build | Farm |
| 21:09 | Build | Farm |
| 22:02 | Research | Castle Age |
| 22:02 | Research | Castle Age |
| 22:11 | Queue | Archer |
| 22:11 | Queue | Archer |
| 22:38 | Queue | Villager (Male) |
Build order — [CL]LaCumbiaSuave
First 150 of 1034 actions detected
| 0:01 | Queue | Villager (Male) |
| 0:02 | Queue | Villager (Male) |
| 0:02 | Queue | Villager (Male) |
| 0:02 | Queue | Villager (Male) |
| 0:03 | Build | House |
| 0:04 | Build | House |
| 1:28 | Build | Lumber Camp |
| 1:30 | Queue | Villager (Male) |
| 1:30 | Queue | Villager (Male) |
| 1:30 | Queue | Villager (Male) |
| 1:58 | Queue | Villager (Male) |
| 1:58 | Queue | Villager (Male) |
| 1:58 | Queue | Villager (Male) |
| 2:26 | Queue | Villager (Male) |
| 2:26 | Queue | Villager (Male) |
| 2:46 | Queue | Villager (Male) |
| 2:46 | Queue | Villager (Male) |
| 3:14 | Queue | Villager (Male) |
| 3:14 | Queue | Villager (Male) |
| 3:33 | Queue | Villager (Male) |
| 3:33 | Queue | Villager (Male) |
| 3:52 | Build | House |
| 4:04 | Queue | Villager (Male) |
| 4:04 | Queue | Villager (Male) |
| 4:04 | Queue | Villager (Male) |
| 4:19 | Build | Barracks |
| 4:24 | Build | Barracks |
| 4:29 | Queue | Villager (Male) |
| 4:29 | Queue | Villager (Male) |
| 4:56 | Build | House |
| 5:04 | Queue | Villager (Male) |
| 5:23 | Queue | Militia |
| 5:23 | Queue | Militia |
| 5:26 | Queue | Villager (Male) |
| 5:45 | Queue | Militia |
| 5:45 | Queue | Militia |
| 6:08 | Queue | Villager (Male) |
| 6:08 | Queue | Villager (Male) |
| 6:22 | Build | Mill |
| 6:48 | Build | House |
| 6:56 | Queue | Villager (Male) |
| 6:57 | Queue | Villager (Male) |
| 7:11 | Queue | Villager (Male) |
| 7:42 | Build | Mill |
| 7:59 | Research | Loom |
| 8:45 | Research | Feudal Age |
| 8:45 | Research | Feudal Age |
| 8:51 | Queue | Militia |
| 8:51 | Queue | Militia |
| 9:11 | Build | Lumber Camp |
| 9:25 | Build | House |
| 9:50 | Queue | Villager (Male) |
| 9:59 | Build | Mining Camp |
| 10:19 | Queue | Villager (Male) |
| 10:56 | Age | Feudal Age |
| 10:59 | Build | Archery Range |
| 11:03 | Research | Man-at-Arms (upgrade) |
| 11:03 | Research | Man-at-Arms (upgrade) |
| 11:06 | Research | Double-Bit Axe |
| 11:17 | Queue | Spearman |
| 11:18 | Build | Palisade Wall |
| 11:20 | Build | Palisade Wall |
| 11:21 | Build | Palisade Wall |
| 11:23 | Build | Palisade Wall |
| 11:29 | Queue | Villager (Male) |
| 11:31 | Build | Palisade Wall |
| 11:33 | Build | House |
| 11:36 | Build | Palisade Wall |
| 11:38 | Build | Palisade Wall |
| 11:39 | Build | Farm |
| 11:44 | Queue | Spearman |
| 11:57 | Queue | Villager (Male) |
| 11:58 | Build | Farm |
| 11:59 | Queue | Archer |
| 12:00 | Queue | Archer |
| 12:07 | Build | House |
| 12:08 | Build | Palisade Wall |
| 12:12 | Build | Palisade Wall |
| 12:13 | Queue | Spearman |
| 12:35 | Queue | Spearman |
| 12:43 | Build | Farm |
| 12:45 | Queue | Villager (Male) |
| 12:45 | Queue | Villager (Male) |
| 12:45 | Queue | Villager (Male) |
| 13:08 | Build | Farm |
| 13:10 | Build | House |
| 13:15 | Queue | Archer |
| 13:18 | Build | Farm |
| 13:25 | Build | House |
| 13:38 | Build | House |
| 13:40 | Build | Palisade Wall |
| 13:41 | Queue | Villager (Male) |
| 13:41 | Queue | Villager (Male) |
| 13:42 | Queue | Villager (Male) |
| 13:43 | Queue | Archer |
| 13:44 | Queue | Archer |
| 13:51 | Build | Palisade Wall |
| 14:15 | Queue | Villager (Male) |
| 14:18 | Build | Archery Range |
| 14:20 | Queue | Villager (Male) |
| 14:22 | Build | House |
| 14:27 | Build | Palisade Wall |
| 14:39 | Queue | Archer |
| 14:46 | Build | House |
| 14:57 | Queue | Villager (Male) |
| 15:01 | Build | Blacksmith |
| 15:06 | Queue | Archer |
| 15:06 | Queue | Archer |
| 15:21 | Build | Palisade Wall |
| 15:28 | Queue | Villager (Male) |
| 15:36 | Research | Fletching |
| 15:36 | Research | Fletching |
| 15:38 | Queue | Archer |
| 15:38 | Queue | Archer |
| 15:46 | Queue | Archer |
| 15:46 | Queue | Archer |
| 15:46 | Queue | Archer |
| 15:56 | Queue | Villager (Male) |
| 15:57 | Build | Farm |
| 16:00 | Build | Farm |
| 16:07 | Queue | Villager (Male) |
| 16:11 | Build | House |
| 16:15 | Build | Palisade Wall |
| 16:21 | Queue | Archer |
| 16:22 | Queue | Archer |
| 16:22 | Queue | Archer |
| 16:23 | Queue | Villager (Male) |
| 16:25 | Build | Farm |
| 16:40 | Build | House |
| 16:46 | Build | House |
| 16:59 | Queue | Archer |
| 16:59 | Queue | Archer |
| 17:06 | Build | House |
| 17:10 | Queue | Villager (Male) |
| 17:14 | Build | Farm |
| 17:15 | Build | Farm |
| 17:17 | Build | Farm |
| 17:20 | Research | Padded Archer Armor |
| 17:20 | Research | Padded Archer Armor |
| 17:30 | Build | Palisade Gate |
| 17:31 | Build | Palisade Wall |
| 17:33 | Queue | Villager (Male) |
| 17:40 | Build | Farm |
| 17:45 | Build | Farm |
| 17:49 | Build | House |
| 17:56 | Queue | Villager (Male) |
| 17:59 | Queue | Archer |
| 17:59 | Queue | Archer |
| 18:09 | Build | Farm |
| 18:10 | Queue | Villager (Male) |
Match timeline
| 4:19 | [CL]LaCumbiaSuave · first_building Barracks |
| 7:29 | lesuanhuy · wall_segment Palisade Wall x1 |
| 7:33 | lesuanhuy · wall_segment Palisade Wall x1 |
| 7:35 | lesuanhuy · wall_segment Palisade Wall x1 |
| 7:47 | lesuanhuy · wall_segment Palisade Wall x1 |
| 7:48 | lesuanhuy · wall_segment Palisade Wall x1 |
| 7:49 | lesuanhuy · wall_segment Palisade Wall x1 |
| 8:13 | lesuanhuy · first_building Barracks |
| 8:51 | lesuanhuy · age_up feudal |
| 9:07 | lesuanhuy · first_building Stable |
| 9:25 | lesuanhuy · wall_segment Palisade Wall x1 |
| 9:27 | lesuanhuy · wall_segment Palisade Wall x1 |
| 9:28 | lesuanhuy · wall_segment Palisade Wall x1 |
| 9:29 | lesuanhuy · wall_segment Palisade Wall x1 |
| 10:56 | [CL]LaCumbiaSuave · age_up feudal |
| 10:59 | [CL]LaCumbiaSuave · first_building Archery Range |
| 11:18 | [CL]LaCumbiaSuave · wall_segment Palisade Wall x1 |
| 11:20 | [CL]LaCumbiaSuave · wall_segment Palisade Wall x1 |
| 11:21 | lesuanhuy · first_building Archery Range |
| 11:21 | [CL]LaCumbiaSuave · wall_segment Palisade Wall x1 |
| 11:23 | [CL]LaCumbiaSuave · wall_segment Palisade Wall x1 |
| 11:31 | [CL]LaCumbiaSuave · wall_segment Palisade Wall x1 |
| 11:36 | [CL]LaCumbiaSuave · wall_segment Palisade Wall x1 |
| 11:38 | [CL]LaCumbiaSuave · wall_segment Palisade Wall x1 |
| 12:08 | [CL]LaCumbiaSuave · wall_segment Palisade Wall x1 |
| 12:12 | [CL]LaCumbiaSuave · wall_segment Palisade Wall x5 |
| 13:40 | [CL]LaCumbiaSuave · wall_segment Palisade Wall x1 |
| 13:46 | lesuanhuy · wall_segment Palisade Wall x12 |
| 13:51 | [CL]LaCumbiaSuave · wall_segment Palisade Wall x1 |
| 13:51 | lesuanhuy · wall_segment Palisade Wall x10 |
| 14:13 | lesuanhuy · wall_segment Palisade Wall x7 |
| 14:19 | lesuanhuy · wall_segment Palisade Wall x10 |
| 14:27 | [CL]LaCumbiaSuave · wall_segment Palisade Wall x2 |
| 14:35 | lesuanhuy · wall_segment Palisade Wall x1 |
| 15:21 | [CL]LaCumbiaSuave · wall_segment Palisade Wall x12 |
| 16:15 | [CL]LaCumbiaSuave · wall_segment Palisade Wall x6 |
| 17:31 | [CL]LaCumbiaSuave · wall_segment Palisade Wall x1 |
| 19:17 | [CL]LaCumbiaSuave · first_building Stable |
| 24:42 | lesuanhuy · age_up castle |
| 25:03 | [CL]LaCumbiaSuave · age_up castle |
| 26:02 | [CL]LaCumbiaSuave · first_market_buy 100 food |
| 26:50 | lesuanhuy · wall_segment Palisade Wall x1 |
| 26:52 | lesuanhuy · wall_segment Palisade Wall x1 |
| 26:53 | lesuanhuy · wall_segment Palisade Wall x1 |
| 26:57 | [CL]LaCumbiaSuave · first_market_sell 100 wood |
| 27:51 | lesuanhuy · wall_segment Palisade Wall x1 |
| 32:48 | [CL]LaCumbiaSuave · first_building Siege Workshop |
| 33:15 | lesuanhuy · first_building Siege Workshop |
| 34:29 | [CL]LaCumbiaSuave · first_building Monastery |
| 37:11 | [CL]LaCumbiaSuave · wall_segment Palisade Wall x1 |
| 39:25 | lesuanhuy · first_building Castle |
| 44:05 | [CL]LaCumbiaSuave · first_building Castle |
| 46:29 | [CL]LaCumbiaSuave · wall_segment Palisade Wall x1 |
| 47:48 | [CL]LaCumbiaSuave · age_up imperial |
| 50:35 | [CL]LaCumbiaSuave · wall_segment Stone Wall x15 |
| 51:17 | lesuanhuy · age_up imperial |
| 51:27 | [CL]LaCumbiaSuave · wall_segment Stone Wall x6 |
| 53:52 | lesuanhuy · first_building Monastery |
| 54:19 | lesuanhuy · first_market_sell 500 food |
| 54:27 | [CL]LaCumbiaSuave · wall_segment Palisade Wall x1 |
| 56:08 | [CL]LaCumbiaSuave · wall_segment Palisade Wall x1 |
| 56:10 | [CL]LaCumbiaSuave · wall_segment Stone Wall x1 |
| 58:27 | [CL]LaCumbiaSuave · wall_segment Palisade Wall x2 |
| 59:00 | [CL]LaCumbiaSuave · wall_segment Palisade Wall x1 |
| 61:30 | [CL]LaCumbiaSuave · resign |
[ AI ANALYSIS · 1 CREDIT ]
What really happened in this match?
Wolo.gg analyzes every decision: build order, eco, micro, common mistakes by bracket. Personalized analysis on WhatsApp or Discord in 30 seconds.
Civ guide
Huns
Perfil
Jugador #21690567